[Event "Icelandic Cup 2021"]
[Site "Reykjavik"]
[Date "2021.03.13"]
[Round "2.2"]
[White "Stefansson, Hannes"]
[Black "Gretarsson, Helgi Ass"]
[Result "0-1"]
[ECO "C41"]
[WhiteElo "2536"]
[BlackElo "2440"]
[Annotator "ChessBase"]
[PlyCount "101"]
[EventDate "2021.03.03"]
[EventType "k.o."]
[EventCountry "ISL"]
[SourceTitle "playchess.com"]
[Source "ChessBase"]
[SourceQuality "1"]
[TimeControl "5400+30"]

1. e4 d6 2. d4 Nf6 3. Nc3 e5 4. Nf3 Nbd7 5. Bc4 Be7 6. O-O c6 7. a4 h6 8. Re1 Qc7 9. h3 a5 10. Be3 g5 11. Bf1 Nf8 12. Nd2 g4 13. dxe5 dxe5 14. Nc4 gxh3 15. gxh3 Be6 16. Bb6 Qb8 17. Qd2 Bb4 18. f4 N8d7 19. Bf2 Rg8+ 20. Kh1 exf4 21. e5 Nh5 22. Kh2 Kf8 23. Re4 Qc7 24. Be2 Ng3 25. Qxf4 Nxe4 26. Qxh6+ Ke8 27. Nxe4 Nxe5 28. Bg3 Rxg3 29. Qh8+ Bf8 30. Ncd6+ Kd7 31. Qxe5 Rxh3+ 32. Kg2 Bxd6 33. Rd1 Rg8+ 34. Kf2 Rh1 35. Rxd6+ Kc8 36. Rxe6 Qb6+ 37. Nc5 Rh2+ 38. Kf1 Rh1+ 39. Kf2 fxe6 40. Qxe6+ Kb8 41. Qxg8+ Ka7 42. Qg5 Qxb2 43. Nb3 Rh2+ 44. Kf3 Qh8 45. Qf5 Qc3+ 46. Bd3 Rxc2 47. Qxa5+ Qxa5 48. Nxa5 Ra2 49. Be4 Ra3+ 50. Kf4 Rc3 51. Ke5 0-1